 Dungeon Crawl Stone Soup version 0.26-a0-597-gb535b0901c (webtiles) character file.

Game seed: 9846490612709403471

53 vurker the Skirmisher (level 3, -1/37 HPs)
             Began as a Naga Wanderer on Sept 11, 2020.
             Slain by a gnoll
             ... wielding a +0 halberd
              (9 damage)
             ... on level 2 of the Dungeon.
             The game lasted 00:03:29 (1337 turns).

vurker the Skirmisher (Naga Wanderer)               Turns: 1337, Time: 00:03:30

Health: -1/37      AC:  7    Str: 16    XL:     3   Next: 87%
Magic:  3/3        EV: -1    Int: 11    God:
Gold:   52         SH:  0    Dex: 10    Spells: 2/2 levels left

rFire    . . .     SeeInvis +   a - +2 falchion
rCold    . . .     Faith    .   (no shield)
rNeg     . . .     Spirit   .   j - +0 plate armour
rPois    +         Reflect  .   (no helmet)
rElec    .         Harm     .   (no cloak)
rCorr    +                      d - +0 pair of gloves (curse)
MR       .....                  (no barding)
Stlth    ..........             (no amulet)
HPRegen  0.12/turn              f - ring of resist corrosion
MPRegen  0.08/turn              l - -4 ring of evasion (curse)

@: short of breath, very slow
A: large, see invisible, deformed body, poison resistance, slowness 2, spit
poison 1, AC +1
a: Spit Poison


You were on level 2 of the Dungeon.
You visited 1 branch of the dungeon, and saw 2 of its levels.

You collected 52 gold pieces.

Inventory:

Hand Weapons
 a - a +2 falchion (weapon)
Armour
 d - a cursed +0 pair of gloves (worn)
   (You found it on level 1 of the Dungeon)
 j - a +0 plate armour (worn)
   (You found it on level 1 of the Dungeon)
Jewellery
 f - a ring of resist corrosion (left hand)
   (You found it on level 1 of the Dungeon)
 l - a cursed -4 ring of evasion (right hand)
   (You found it on level 1 of the Dungeon)
Potions
 b - 2 potions of lignification
 e - 2 potions of cancellation
 g - a potion of might {unknown}
 k - a potion of haste {unknown}


   Skills:
 + Level 4.7 Fighting
 - Level 1.0 Long Blades
   Level 1.0 Crossbows
 - Level 1.0 Armour
 - Level 1.0 Dodging
 + Level 4.2 Stealth
   Level 1.0 Shields


You had 2 spell levels left.
You didn't know any spells.
Your spell library was empty.

Dungeon Overview and Level Annotations

Branches:
Dungeon (2/15)

Altars:
Wu Jian


Innate Abilities, Weirdness & Mutations

You cannot wear boots.
Your serpentine skin is tough. (AC +1)
You have supernaturally acute eyesight. (SInv)
Armour fits poorly on your strangely shaped body.
Your system is resistant to poisons. (rPois)
You cover ground very slowly.
You can spit poison.


Message History

The bat hits you but does no damage. The bat hits you but does no damage.
The bat completely misses you.
You miss the bat. The bat hits you but does no damage.
No target in view!
No target in view!
No target in view!
No target in view!
No target in view!
No target in view!
No target in view!
No target in view!
No target in view!
No target in view!
No target in view!
No target in view!
No target in view!
No target in view!
No target in view!
No target in view!
No target in view!
The bat hits you but does no damage. The bat hits you but does no damage.
A bat is nearby!
The bat hits you but does no damage. The bat hits you but does no damage.
The bat hits you but does no damage. The bat hits you but does no damage.
The bat enters a dispersal trap!
You blink.
The bat hits you but does no damage.
You closely miss the bat. The bat hits you but does no damage. x2
The bat hits you but does no damage. x2
You miss the bat. The bat hits you but does no damage. x3
You hit the bat.
You kill the bat!
There is a stone staircase leading down, spattered with blood here.
You start resting.
You climb downwards.
There is a stone staircase leading up here.
The gnoll hits you with a +0 halberd.
You hit the gnoll. The gnoll hits you with a +0 halberd!
You barely miss the gnoll. The gnoll hits you but does no damage.
You completely miss the gnoll. The gnoll hits you with a +0 halberd!
You hit the gnoll. The gnoll hits you with a +0 halberd.
* * * LOW HITPOINT WARNING * * *
You closely miss the gnoll. The gnoll hits you with a +0 halberd!
* * * LOW HITPOINT WARNING * * *
Aim: a gnoll, wielding a +0 halberd (heavily wounded)
The splash of poison hits the gnoll.
The gnoll hits you with a +0 halberd!
You die...

.###.####.#.#### .#
#. #.# #.# ######.#
#....#.# #.##.#.#
#.##.#.# #.##.#.#
#.#.<#.#
#...@#'######
#######g.......#
#.....'........#
####.#####........#
..#+#####........#
g
#.......###'######
. #.......# #.# g
#......(# #.# .
#.......# #.#


You could see a gnoll.

Vanquished Creatures
  3 gnolls
  A leopard gecko (D:1)
  A giant cockroach (D:1)
  7 goblins
  4 kobolds (D:1)
  3 bats (D:1)
  3 frilled lizards (D:1)
  3 rats
25 creatures vanquished.

Notes
Turn   | Place    | Note
-------+----------+-------------------------------------------
     0 | D:1      | vurker the Naga Wanderer began the quest for the Orb.
     0 | D:1      | vurker set off with the following items: a +2 falchion, 2
                  | potions of lignification, a +0 robe
     0 | D:1      | Reached XP level 1. HP: 22/22 MP: 1/1
   301 | D:1      | Reached XP level 2. HP: 30/30 MP: 2/2
   607 | D:1      | You fall into a shaft and drop 1 floor!
   627 | D:2      | Found an ornate altar of the Wu Jian Council.
   917 | D:2      | Reached XP level 3. HP: 10/37 MP: 3/3
  1337 | D:2      | Slain by a gnoll

Illustrated notes

Levels and vault maps discovered:
D:1:      sevenhm_arrival_forest_fort_small_4, layout_loops_cross
D:2:      layout_basic, old_standard_altar, trog_three_pillars_becter

Skill      XL: |  1  2  3 |
---------------+----------+-----
Stealth        | 2 3 4 |  4.2
Fighting       | |  4.7
Long Blades    | |  1.0
Crossbows      | |  1.0
Armour         | |  1.0
Dodging        | |  1.0
Shields        | |  1.0

Action                   || total
-------------------------++-------
Melee: Falchion          ||    94
 Abil: Spit Poison       ||     2
  Use: Scroll            ||     3
Armor: Chain mail        ||    45
       Robe              ||     1
       Plate armour      ||    88
Dodge: Dodged            ||    20
       Rpst.: Falchion   ||     5

Table legend: (Time is in decaauts)
 A = Elapsed time spent in this place.
 B = Non-inter-level travel time spent in this place.
 C = Inter-level travel time spent in this place.
 D = Time resting spent in this place.
 E = Time spent auto-exploring this place.
 F = Levels seen in this place.
 G = Mean time per level.
                   A        B        C        D        E       F      G
               +--------+--------+--------+--------+--------+-----+--------+
         Total |   1635 |   1593 |     42 |    339 |    911 |   2 |  817.5 |
       Dungeon |   1635 |   1593 |     42 |    339 |    911 |   2 |  817.5 |
               +--------+--------+--------+--------+--------+-----+--------+

Top non-repeatable levels by time:
     D:1: 1417 daAuts
     D:2: 217 daAuts
